 Dungeon Crawl Stone Soup version 0.30-a0-715-gdb4ae3ece1 (webtiles) character file.

Game seed: 15708779437881363064

4 Orangeyouglad the Shooter (level 1, 0/16 HPs)
             Began as a Human Hunter on Jan 24, 2023.
             Slain by a kobold
             ... wielding a +0 dagger
              (1 damage)
             ... on level 1 of the Dungeon.
             The game lasted 00:01:09 (67 turns).

Orangeyouglad the Shooter (Human Hunter)              Turns: 67, Time: 00:01:09

Health: 0/16       AC:  3    Str: 11    XL:     1   Next: 77%
Magic:  1/1        EV: 12    Int:  9    God:
Gold:   0          SH:  0    Dex: 16    Spells: 0/0 levels left

rFire   . . .      SeeInvis .    a - +0 shortbow
rCold   . . .      Faith    .    (shield currently unavailable)
rNeg    . . .      Spirit   .    c - +0 leather armour
rPois   .          Reflect  .    (no helmet)
rElec   .          Harm     .    (no cloak)
rCorr   .          Rampage  .    (no gloves)
Will    .....                    (no boots)
Stlth   ++                       (no amulet)
HPRegen 0.22/turn                (no ring)
MPRegen 0.07/turn                (no ring)

@: no status effects
A: no striking features
a: no special abilities


You were on level 1 of the Dungeon.
You visited 1 branch of the dungeon, and saw 1 of its levels.

Inventory:

Hand Weapons
 a - a +0 shortbow (weapon)
Armour
 c - a +0 leather armour (worn)
Jewellery
 d - an amulet of guardian spirit
Scrolls
 b - a scroll of immolation


   Skills:
 + Level 2.1 Fighting
 + Level 4.0 Ranged Weapons
 + Level 2.1 Dodging
 + Level 1.2 Stealth


You couldn't memorise any spells.
You didn't know any spells.
Your spell library was empty.

Dungeon Overview and Level Annotations

Branches:
Dungeon (1/15)

Altars:


Message History

The kobold attacks as you move away! The kobold closely misses you.
The ball python attacks as you move away!
The ball python bites you. The ball python closely misses you.
The kobold attacks as you move away! The kobold closely misses you.
The kobold barely misses you. The kobold attacks as you move away!
The kobold hits you but does no damage. The kobold barely misses you.
The kobold hits you with a +0 dagger. The kobold attacks as you move away!
The kobold hits you with a +0 dagger.
You aren't carrying any potions.
Unknown command.
Okay, then.
Okay, then.
The kobold attacks as you move away! The kobold hits you with a +0 dagger.
* * * LOW HITPOINT WARNING * * *
Found a dented copper amulet.
The kobold attacks as you move away! The kobold misses you.
There are no items here.
The kobold attacks as you move away! The kobold hits you with a +0 dagger.
* * * LOW HITPOINT WARNING * * *
The kobold attacks as you move away! The kobold hits you but does no damage.
You see here an amulet of guardian spirit.
d - an amulet of guardian spirit The kobold hits you with a +0 dagger.
* * * LOW HITPOINT WARNING * * *
The kobold attacks as you move away! The kobold hits you with a +0 dagger.
* * * LOW HITPOINT WARNING * * *
Found 3 boomerangs.
You start putting on your amulet.
You continue putting on your amulet of guardian spirit.
The kobold misses you.
You continue putting on your amulet of guardian spirit.
The kobold barely misses you.
You continue putting on your amulet of guardian spirit.
The kobold hits you with a +0 dagger.
Keep equipping yourself?
* * * LOW HITPOINT WARNING * * *
You continue putting on your amulet of guardian spirit.
The kobold hits you with a +0 dagger.
You die...

#####.# #####K#.#
...##.# #.#.#
.#.##)#### #.#.#
#........# #.#.#
.#K##.##.#####.#.#
....†...........g#
$...........?..SK#
.#.#.###########K#
.#.#.# #@# .(.#.#
#.# ### # #.# #.#
..# #.# #.# #(.


You could see a gnoll, a ball python and 2 kobolds.

Vanquished Creatures
  An endoplasm (D:1)
  A goblin (D:1)
  A ball python (D:1)
  A kobold (D:1)
  A rat (D:1)
5 creatures vanquished.

Notes
Turn   | Place    | Note
-------+----------+-------------------------------------------
     0 | D:1      | Orangeyouglad the Human Hunter began the quest for the Orb.
     0 | D:1      | Reached XP level 1. HP: 16/16 MP: 1/1
    67 | D:1      | Slain by a kobold

Illustrated notes

Levels and vault maps discovered:
D:1:      mrwooster_arrival_statue, layout_loops_ring,
          shapermc_ecumenical_altar_ellora, minivault_24,
          chequers_serial_rivers_room_a, serial_bayou_pond_b, minmay_octomino_j4

Action                     || total
---------------------------++-------
   Fire: Shortbow          ||    10
 Armour: Leather armour    ||     6
  Dodge: Dodged            ||    17

Table legend: (Time is in decaauts)
 A = Elapsed time spent in this place.
 B = Non-inter-level travel time spent in this place.
 C = Inter-level travel time spent in this place.
 D = Time resting spent in this place.
 E = Time spent auto-exploring this place.
 F = Levels seen in this place.
 G = Mean time per level.
                   A        B        C        D        E       F      G
               +--------+--------+--------+--------+--------+-----+--------+
         Total |     70 |     70 |      0 |      0 |     11 |   1 |   70.0 |
       Dungeon |     70 |     70 |      0 |      0 |     11 |   1 |   70.0 |
               +--------+--------+--------+--------+--------+-----+--------+

Top non-repeatable levels by time:
     D:1: 70 daAuts
